MID
KANE COUNTY COUGARS @ FORT WAYNE TINCAPS
04/09/2044
 
TOP OF THE 1ST
Kane County Cougars batting - Pitching for Fort Wayne TinCaps : LHP Blaine Whitmore
Pitching: LHP Blaine Whitmore
Batting: LHB Willie Gutierrez 0-0: Ball
1-0: Foul Ball, location: 2F
1-1: Swinging Strike
1-2: Ball
2-2: Ball
3-2: Strikes out looking
Batting: RHB Franklin Villanueva 0-0: Ball
1-0: Foul Ball, location: 2F
1-1: Swinging Strike
1-2: Ball
2-2: Strikes out looking
Batting: LHB Kevin Ferguson 0-0: Ground out 5-3 (Groundball, 56, EV 81.9 MPH)
Top of the 1st over - 0 runs, 0 hits, 0 errors, 0 left on base; Kane County 0 - Fort Wayne 0
BOTTOM OF THE 1ST
Fort Wayne TinCaps batting - Pitching for Kane County Cougars : RHP Chad Toms
Pitching: RHP Chad Toms
Batting: SHB Adam Martin 0-0: Called Strike
0-1: Ball
1-1: Ball
2-1: Foul Ball, location: 2F
2-2: SINGLE (Groundball, 34D, EV 104.4 MPH)
Batting: RHB Rodolfo Rivera 0-0: Ball
Adam Martin is caught stealing 2nd base 2-4
1-0: Fly out, F3 (Popup, 3SF, EV 80.0 MPH)
Batting: LHB James Sousa 0-0: Foul Ball, location: 2F
0-1: Foul Ball, location: 2F
0-2: Ball
1-2: Ball
2-2: Foul Ball, location: 2F
2-2: Ball
3-2: Base on Balls
Batting: LHB Angel Mejia 0-0: Ball
1-0: Ground out U3 (Groundball, 3, EV 83.8 MPH)
Bottom of the 1st over - 0 runs, 1 hit, 0 errors, 1 left on base; Kane County 0 - Fort Wayne 0
TOP OF THE 2ND
Kane County Cougars batting - Pitching for Fort Wayne TinCaps : LHP Blaine Whitmore
Batting: RHB Dave Vargas 0-0: Ball
1-0: Foul Ball, location: 2F
1-1: Called Strike
1-2: Strikes out looking
Batting: RHB John Pena 0-0: Ball
1-0: Ground out 5-3 (Groundball, 56S, EV 83.8 MPH)
Batting: RHB Marlon Reda 0-0: Called Strike
0-1: Ball
1-1: Ground out U3 (Groundball, 34S, EV 73.1 MPH)
Top of the 2nd over - 0 runs, 0 hits, 0 errors, 0 left on base; Kane County 0 - Fort Wayne 0
BOTTOM OF THE 2ND
Fort Wayne TinCaps batting - Pitching for Kane County Cougars : RHP Chad Toms
Batting: RHB Juan Martinez 0-0: Swinging Strike
0-1: Fly out, F8 (Line Drive, 8RM, EV 88.8 MPH)
Batting: RHB Davey Verhoog 0-0: Called Strike
0-1: Bunt for hit to 13S - play at first, batter OUT! 1-3
Batting: RHB Rich Justice 0-0: Swinging Strike
0-1: Ball
1-1: Ball
2-1: Ball
3-1: Called Strike
3-2: Foul Ball, location: 2F
3-2: Base on Balls
Batting: RHB Nelson Trujillo 0-0: Ball
1-0: Called Strike
Rich Justice steals 2nd base
1-1: Ball
2-1: Called Strike
2-2: Strikes out swinging
Bottom of the 2nd over - 0 runs, 0 hits, 0 errors, 1 left on base; Kane County 0 - Fort Wayne 0
TOP OF THE 3RD
Kane County Cougars batting - Pitching for Fort Wayne TinCaps : LHP Blaine Whitmore
Batting: RHB Curt Barrett 0-0: Called Strike
0-1: Ball
1-1: Ball
2-1: Foul Ball, location: 2F
2-2: Foul Ball, location: 2F
2-2: Ball
3-2: Ground out 5-3 (Groundball, 56, EV 106.2 MPH)
Batting: RHB Jason Rivers 0-0: Called Strike
0-1: Called Strike
0-2: Foul Ball, location: 2F
0-2: Ball
1-2: Ball
2-2: Foul Ball, location: 2F
2-2: Fly out, F8 (Flyball, 8RD, EV 91.2 MPH)
Batting: LHB T.J. Duvall 0-0: Called Strike
0-1: Ball
1-1: Foul Ball, location: 2F
1-2: Strikes out swinging
Top of the 3rd over - 0 runs, 0 hits, 0 errors, 0 left on base; Kane County 0 - Fort Wayne 0
BOTTOM OF THE 3RD
Fort Wayne TinCaps batting - Pitching for Kane County Cougars : RHP Chad Toms
Batting: RHB Brian Burd 0-0: SINGLE (Groundball, 3S, EV 73.8 MPH) (infield hit)
Batting: SHB Adam Martin 0-0: Ball
1-0: Foul Ball, location: 2F
1-1: Fielders Choice at 2nd, 4-6 (Groundball, 4, EV 100.6 MPH)
Batting: RHB Rodolfo Rivera 0-0: Swinging Strike
0-1: Ball
1-1: Ball
2-1: Foul Ball, location: 2F
2-2: Ball
3-2: Foul Ball, location: 2F
3-2: Fly out, F4 (Flyball, 34D, EV 88.8 MPH)
Batting: LHB James Sousa 0-0: Called Strike
Adam Martin steals 2nd base
0-1: Ball
1-1: Ground out 3-1 (Groundball, 34, EV 104.4 MPH)
Bottom of the 3rd over - 0 runs, 1 hit, 0 errors, 1 left on base; Kane County 0 - Fort Wayne 0
TOP OF THE 4TH
Kane County Cougars batting - Pitching for Fort Wayne TinCaps : LHP Blaine Whitmore
Batting: LHB Willie Gutierrez 0-0: Swinging Strike
0-1: Ball
1-1: Ball
2-1: Foul Ball, location: 2F
2-2: Foul Ball, location: 2F
2-2: Ball
3-2: Ground out 4-3 (Groundball, 4D, EV 91.2 MPH)
Batting: RHB Franklin Villanueva 0-0: Ball
1-0: Fly out, F5 (Line Drive, 5, EV 66.9 MPH)
Batting: LHB Kevin Ferguson 0-0: Ball
1-0: Foul Ball, location: 2F
1-1: DOUBLE (Groundball, 5L, EV 95.0 MPH)
Batting: RHB Dave Vargas 0-0: SINGLE (Groundball, 34D, EV 86.9 MPH) (infield hit)
Kevin Ferguson to third
Batting: RHB John Pena 0-0: Ball
1-0: Ball
2-0: Called Strike
2-1: Fielders Choice at 2nd, 6-4 (Groundball, 6, EV 83.8 MPH)
Top of the 4th over - 0 runs, 2 hits, 0 errors, 2 left on base; Kane County 0 - Fort Wayne 0
BOTTOM OF THE 4TH
Fort Wayne TinCaps batting - Pitching for Kane County Cougars : RHP Chad Toms
Batting: LHB Angel Mejia 0-0: Ball
1-0: Ball
2-0: Ball
3-0: Called Strike
3-1: Fly out, F7 (Flyball, 78D, EV 95.6 MPH)
Batting: RHB Juan Martinez 0-0: Ball
1-0: Foul Ball, location: 2F
1-1: Called Strike
1-2: Foul Ball, location: 2F
1-2: Foul Ball, location: 2F
1-2: SINGLE (Line Drive, 8LS, EV 105.6 MPH)
Batting: RHB Davey Verhoog 0-0: Called Strike
Juan Martinez is caught stealing 2nd base 2-4
0-1: Ball
1-1: Called Strike
1-2: Foul Ball, location: 2F
1-2: Ground out 5-3 (Groundball, 5S, EV 85.0 MPH)
Bottom of the 4th over - 0 runs, 1 hit, 0 errors, 0 left on base; Kane County 0 - Fort Wayne 0
TOP OF THE 5TH
Kane County Cougars batting - Pitching for Fort Wayne TinCaps : LHP Blaine Whitmore
Batting: RHB Marlon Reda 0-0: Ball
1-0: Called Strike
1-1: Swinging Strike
1-2: Foul Ball, location: 2F
1-2: Strikes out swinging
Batting: RHB Curt Barrett 0-0: Ball
1-0: Called Strike
1-1: Foul Ball, location: 2F
1-2: Ball
2-2: Foul Ball, location: 2F
2-2: Strikes out swinging
Batting: RHB Jason Rivers 0-0: Called Strike
0-1: Foul Ball, location: 2F
0-2: Ball
1-2: Foul Ball, location: 2F
1-2: Ball
2-2: SINGLE (Line Drive, 6D, EV 111.9 MPH)
Batting: LHB T.J. Duvall 0-0: Ball
1-0: Foul Ball, location: 2F
1-1: Ball
2-1: Ground out 5-3 (Groundball, 6S, EV 91.2 MPH)
Top of the 5th over - 0 runs, 1 hit, 0 errors, 1 left on base; Kane County 0 - Fort Wayne 0
BOTTOM OF THE 5TH
Fort Wayne TinCaps batting - Pitching for Kane County Cougars : RHP Chad Toms
Batting: RHB Rich Justice 0-0: Foul Ball, location: 2F
0-1: Ground out 5-3 (Groundball, P, EV 85.6 MPH)
Batting: RHB Nelson Trujillo 0-0: Called Strike
0-1: Called Strike
0-2: Ball
1-2: Ball
2-2: Foul Ball, location: 2F
2-2: Strikes out looking
Batting: RHB Brian Burd 0-0: Called Strike
0-1: Ball
1-1: Ball
2-1: Ground out 4-3 (Groundball, P, EV 85.0 MPH)
Bottom of the 5th over - 0 runs, 0 hits, 0 errors, 0 left on base; Kane County 0 - Fort Wayne 0
TOP OF THE 6TH
Kane County Cougars batting - Pitching for Fort Wayne TinCaps : LHP Blaine Whitmore
Batting: LHB Willie Gutierrez 0-0: Called Strike
0-1: Ball
1-1: Foul Ball, location: 2F
1-2: Strikes out looking
Batting: RHB Franklin Villanueva 0-0: Ball
1-0: SINGLE (Line Drive, 8RS, EV 113.8 MPH)
Batting: LHB Kevin Ferguson 0-0: Called Strike
0-1: Ball
1-1: Ball
2-1: Ball
3-1: Swinging Strike
3-2: Foul Ball, location: 2F
3-2: Foul Ball, location: 2F
3-2: Strikes out swinging
Pitching: RHP Andre Wiltz
Batting: RHB Dave Vargas 0-0: Ball
1-0: Ball
2-0: Ball
3-0: Called Strike
3-1: Called Strike
3-2: Strikes out looking
Top of the 6th over - 0 runs, 1 hit, 0 errors, 1 left on base; Kane County 0 - Fort Wayne 0
BOTTOM OF THE 6TH
Fort Wayne TinCaps batting - Pitching for Kane County Cougars : RHP Chad Toms
Batting: SHB Adam Martin 0-0: Foul Ball, location: 2F
0-1: Ball
1-1: Foul Ball, location: 2F
1-2: Fly out, F6 (Popup, P, EV 88.8 MPH)
Batting: RHB Rodolfo Rivera 0-0: Ball
1-0: Called Strike
1-1: Ball
2-1: Fly out, F7 (Line Drive, 7S, EV 90.6 MPH)
Batting: LHB James Sousa 0-0: Fly out, F7 (Flyball, 7S, EV 85.6 MPH)
Bottom of the 6th over - 0 runs, 0 hits, 0 errors, 0 left on base; Kane County 0 - Fort Wayne 0
TOP OF THE 7TH
Kane County Cougars batting - Pitching for Fort Wayne TinCaps : RHP Andre Wiltz
Batting: RHB John Pena 0-0: Foul Ball, location: 2F
0-1: Foul Ball, location: 2F
0-2: Fly out, F8 (Flyball, 8RM, EV 88.8 MPH)
Batting: RHB Marlon Reda 0-0: Called Strike
0-1: Ball
1-1: Ground out U3 (Groundball, 3, EV 101.2 MPH)
Batting: RHB Curt Barrett 0-0: Called Strike
0-1: Ball
1-1: Ball
2-1: Ground out 6-3 (Groundball, 6D, EV 81.2 MPH)
Top of the 7th over - 0 runs, 0 hits, 0 errors, 0 left on base; Kane County 0 - Fort Wayne 0
BOTTOM OF THE 7TH
Fort Wayne TinCaps batting - Pitching for Kane County Cougars : RHP Chad Toms
Batting: LHB Angel Mejia 0-0: Swinging Strike
0-1: Ball
1-1: Ball
2-1: SINGLE (Groundball, 4MD, EV 96.9 MPH) (infield hit)
Batting: RHB Juan Martinez 0-0: Foul Ball, location: 2F
0-1: Ball
1-1: Ball
2-1: Fly out, F7 (Line Drive, 7S, EV 91.9 MPH)
Pitching: RHP Rich Garces
Batting: RHB Davey Verhoog 0-0: Called Strike
Angel Mejia steals 2nd base
0-1: Ball
1-1: Foul Ball, location: 2F
1-2: Foul Ball, location: 2F
1-2: Ball
2-2: Ball
3-2: Strikes out looking
Batting: RHB Rich Justice 0-0: Called Strike
0-1: Ball
1-1: Swinging Strike
1-2: Ground out 4-3 (Groundball, 4, EV 81.9 MPH)
Bottom of the 7th over - 0 runs, 1 hit, 0 errors, 1 left on base; Kane County 0 - Fort Wayne 0
TOP OF THE 8TH
Kane County Cougars batting - Pitching for Fort Wayne TinCaps : RHP Andre Wiltz
Pitching: RHP Roger Brennan
Pinch Hitting: LHB Ron Tipton 0-0: Ground out 6-3 (Groundball, 6, EV 86.9 MPH)
Batting: LHB T.J. Duvall 0-0: Foul Ball, location: 2F
0-1: Foul Ball, location: 2F
0-2: Ball
1-2: Ball
2-2: Foul Ball, location: 2F
2-2: Foul Ball, location: 2F
2-2: Ball
3-2: Foul Ball, location: 2F
3-2: Fly out, F8 (Flyball, 8LD, EV 98.8 MPH)
Batting: LHB Willie Gutierrez 0-0: Ball
1-0: Ball
2-0: Swinging Strike
2-1: Ground out U3 (Groundball, 3S, EV 70.6 MPH)
Top of the 8th over - 0 runs, 0 hits, 0 errors, 0 left on base; Kane County 0 - Fort Wayne 0
BOTTOM OF THE 8TH
Fort Wayne TinCaps batting - Pitching for Kane County Cougars : RHP Rich Garces
Pitching: RHP Ming-feng Pi
Now at 2B: Mike Persinger
Batting: RHB Nelson Trujillo 0-0: Ball
1-0: Swinging Strike
1-1: Ball
2-1: Swinging Strike
2-2: Strikes out swinging
Pinch Hitting: SHB Josh Parker 0-0: Fly out, F7 (Flyball, 7S, EV 86.2 MPH)
Batting: SHB Adam Martin 0-0: Ball
1-0: Ball
2-0: Ball
3-0: Called Strike
3-1: Base on Balls
Batting: RHB Rodolfo Rivera 0-0: Ball
1-0: Fielders Choice at 2nd, 6-4 (Groundball, 6D, EV 89.4 MPH)
Bottom of the 8th over - 0 runs, 0 hits, 0 errors, 1 left on base; Kane County 0 - Fort Wayne 0
TOP OF THE 9TH
Kane County Cougars batting - Pitching for Fort Wayne TinCaps : RHP Roger Brennan
Pitching: RHP Roman Baines
Now at 1B: Josh Parker
Batting: RHB Franklin Villanueva 0-0: Ball
1-0: Fly out, F6 (Popup, 56D, EV 70.6 MPH)
Batting: LHB Kevin Ferguson 0-0: Called Strike
0-1: Called Strike
0-2: Foul Ball, location: 2F
0-2: Ball
1-2: Ball
2-2: Ball
3-2: Ground out U3 (Groundball, 3L, EV 78.8 MPH)
Batting: RHB Dave Vargas 0-0: Foul Ball, location: 2F
0-1: Foul Ball, location: 2F
0-2: SINGLE (Groundball, 6MD, EV 108.1 MPH)
Batting: RHB John Pena 0-0: Ball
Dave Vargas is caught stealing 2nd base 2-4
Top of the 9th over - 0 runs, 1 hit, 0 errors, 0 left on base; Kane County 0 - Fort Wayne 0
BOTTOM OF THE 9TH
Fort Wayne TinCaps batting - Pitching for Kane County Cougars : RHP Ming-feng Pi
Batting: LHB James Sousa 0-0: Called Strike
0-1: Ball
1-1: Called Strike
1-2: Ball
2-2: Strikes out swinging
Batting: LHB Angel Mejia 0-0: Ball
1-0: Ball
2-0: Ground out 4-3 (Groundball, 4, EV 85.6 MPH)
Batting: RHB Juan Martinez 0-0: Foul Ball, location: 2F
0-1: Foul Ball, location: 2F
0-2: Strikes out swinging
Bottom of the 9th over - 0 runs, 0 hits, 0 errors, 0 left on base; Kane County 0 - Fort Wayne 0
TOP OF THE 10TH
Kane County Cougars batting - Pitching for Fort Wayne TinCaps : RHP Roman Baines
Batting: RHB John Pena 0-0: Called Strike
0-1: Called Strike
0-2: Ground out 6-3 (Groundball, 6, EV 81.9 MPH)
Batting: RHB Marlon Reda 0-0: Ball
1-0: Ball
2-0: Ball
3-0: Called Strike
3-1: Called Strike
3-2: SINGLE (Line Drive, 4M, EV 105.6 MPH)
Batting: RHB Curt Barrett 0-0: Called Strike
0-1: Ball
1-1: Fly out, F3 (Popup, 3F, EV 67.5 MPH)
Batting: RHB Mike Persinger 0-0: Ground out 2-3 (Groundball, 2L, EV 66.9 MPH)
Top of the 10th over - 0 runs, 1 hit, 0 errors, 1 left on base; Kane County 0 - Fort Wayne 0
BOTTOM OF THE 10TH
Fort Wayne TinCaps batting - Pitching for Kane County Cougars : RHP Ming-feng Pi
Pitching: RHP Jose Fernandez
Batting: RHB Davey Verhoog 0-0: Ball
1-0: Called Strike
1-1: Ball
2-1: DOUBLE (Flyball, 89XD, EV 100.6 MPH)
Batting: RHB Rich Justice 0-0: Intentional Walk
Batting: RHB Nelson Trujillo 0-0: Ball
1-0: Bunted foul
1-1: Sac Bunt to P - play at first, batter OUT! 1-4
Davey Verhoog to third
Rich Justice to second
Batting: SHB Josh Parker 0-0: Foul Ball, location: 2F
0-1: Ball
1-1: Fielders Choice at home, 4-2 (Groundball, 4MS, EV 67.5 MPH)
Rich Justice to third
Batting: SHB Adam Martin 0-0: Called Strike
0-1: Ball
1-1: Fly out, F9 (Flyball, 89S, EV 78.8 MPH)
Bottom of the 10th over - 0 runs, 1 hit, 0 errors, 2 left on base; Kane County 0 - Fort Wayne 0
TOP OF THE 11TH
Kane County Cougars batting - Pitching for Fort Wayne TinCaps : RHP Roman Baines
Batting: LHB T.J. Duvall 0-0: Called Strike
0-1: Called Strike
0-2: Strikes out looking
Batting: LHB Willie Gutierrez 0-0: Ball
1-0: Ball
2-0: Ball
3-0: Called Strike
3-1: Base on Balls
Batting: RHB Franklin Villanueva 0-0: Called Strike
Willie Gutierrez steals 2nd base
0-1: Ball
1-1: Foul Ball, location: 2F
1-2: Ball
2-2: Strikes out swinging
Pitching: LHP John Maher
Batting: LHB Kevin Ferguson 0-0: Ball
1-0: Ball
2-0: Ball
3-0: Base on Balls
Batting: RHB Dave Vargas 0-0: Ball
1-0: Swinging Strike
1-1: Ball
2-1: Foul Ball, location: 2F
2-2: Fly out, F9 (Line Drive, 9, EV 85.6 MPH)
Top of the 11th over - 0 runs, 0 hits, 0 errors, 2 left on base; Kane County 0 - Fort Wayne 0
BOTTOM OF THE 11TH
Fort Wayne TinCaps batting - Pitching for Kane County Cougars : RHP Jose Fernandez
Batting: RHB Rodolfo Rivera 0-0: Swinging Strike
0-1: Ball
1-1: Swinging Strike
1-2: Ground out 5-3 (Groundball, 56, EV 88.8 MPH)
Batting: LHB James Sousa 0-0: Swinging Strike
0-1: Foul Ball, location: 2F
0-2: Strikes out swinging
Batting: LHB Angel Mejia 0-0: Called Strike
0-1: Ball
1-1: Ball
2-1: Ball
3-1: Foul Ball, location: 2F
3-2: Base on Balls
Batting: RHB Juan Martinez 0-0: Ball
Angel Mejia is caught stealing 2nd base 2-4
Bottom of the 11th over - 0 runs, 0 hits, 0 errors, 0 left on base; Kane County 0 - Fort Wayne 0
TOP OF THE 12TH
Kane County Cougars batting - Pitching for Fort Wayne TinCaps : LHP John Maher
Batting: RHB John Pena 0-0: Foul Ball, location: 2F
0-1: Ball
1-1: Ball
2-1: Called Strike
2-2: Foul Ball, location: 2F
2-2: Foul Ball, location: 2F
2-2: Foul Ball, location: 2F
2-2: Ground out 1-3 (Groundball, P, EV 75.0 MPH)
Batting: RHB Marlon Reda 0-0: Called Strike
0-1: Swinging Strike
0-2: Foul Ball, location: 2F
0-2: Strikes out looking
Batting: RHB Curt Barrett 0-0: Foul Ball, location: 2F
0-1: Ball
1-1: Swinging Strike
1-2: Ball
2-2: Strikes out swinging
Top of the 12th over - 0 runs, 0 hits, 0 errors, 0 left on base; Kane County 0 - Fort Wayne 0
BOTTOM OF THE 12TH
Fort Wayne TinCaps batting - Pitching for Kane County Cougars : RHP Jose Fernandez
Batting: RHB Juan Martinez 0-0: Ball
1-0: Foul Ball, location: 2F
1-1: Ball
2-1: Ball
3-1: Called Strike
3-2: Foul Ball, location: 2F
3-2: Strikes out swinging
Batting: RHB Davey Verhoog 0-0: Ground out 6-3 (Groundball, 6, EV 79.4 MPH)
Batting: RHB Rich Justice 0-0: Called Strike
0-1: Swinging Strike
0-2: Ball
1-2: Strikes out looking
Bottom of the 12th over - 0 runs, 0 hits, 0 errors, 0 left on base; Kane County 0 - Fort Wayne 0
TOP OF THE 13TH
Kane County Cougars batting - Pitching for Fort Wayne TinCaps : LHP John Maher
Batting: RHB Mike Persinger 0-0: Swinging Strike
0-1: Ball
1-1: Ball
2-1: Ball
3-1: Called Strike
3-2: Strikes out looking
Pitching: RHP Eddie Starks
Batting: LHB T.J. Duvall 0-0: Called Strike
0-1: Ball
1-1: Foul Ball, location: 2F
1-2: Ball
2-2: Ball
3-2: Ground out 5-3 (Groundball, 56, EV 99.4 MPH)
Batting: LHB Willie Gutierrez 0-0: Foul Ball, location: 2F
0-1: Ball
1-1: Ball
2-1: Ball
3-1: Called Strike
3-2: Base on Balls
Batting: RHB Franklin Villanueva 0-0: Ball
Willie Gutierrez steals 2nd base (no throw)
1-0: Swinging Strike
1-1: Ball
2-1: Foul Ball, location: 2F
2-2: Foul Ball, location: 2F
2-2: Foul Ball, location: 2F
2-2: Ball
3-2: Strikes out looking
Top of the 13th over - 0 runs, 0 hits, 0 errors, 1 left on base; Kane County 0 - Fort Wayne 0
BOTTOM OF THE 13TH
Fort Wayne TinCaps batting - Pitching for Kane County Cougars : RHP Jose Fernandez
Pitching: RHP Nate Bixler
Batting: RHB Nelson Trujillo 0-0: Foul Ball, location: 2F
0-1: Foul Ball, location: 2F
0-2: Ball
1-2: Ball
2-2: Ball
3-2: Base on Balls
Batting: SHB Josh Parker 0-0: Ball
1-0: Ball
2-0: Sac Bunt to 3S - play at first, batter OUT! 3-4
Nelson Trujillo to second
Batting: SHB Adam Martin 0-0: Intentional Walk
Batting: RHB Rodolfo Rivera 0-0: Ball
1-0: Called Strike
1-1: Ball
2-1: Ball
3-1: SINGLE (Groundball, 56, EV 106.9 MPH)
Nelson Trujillo to third
Adam Martin to second
Runner from 3rd tries for Home, SAFE, throw by LF to home
Bottom of the 13th over - 1 run, 1 hit, 0 errors, 0 left on base; Kane County 0 - Fort Wayne 1
Game Over ... Fort Wayne defeats Kane County, 1 to 0
Thursday, March 31st , 2022 - OOTP Baseball 22.12 Build 89